 Dungeon Crawl Stone Soup version 0.28.0-53-g5a82cb258f (webtiles) character file.

Game seed: 968665872557044801

409802 fictitious the Tortoise (level 23, -15/155 HPs)
             Began as a Gargoyle Cinder Acolyte on May 20, 2022.
             Was an Initiate of Ignis.
             Killed from afar by a living spell (27 damage)
             ... with a crystal spear
             ... summoned by a walking crystal tome
             ... on level 2 of the Depths.
             The game lasted 05:29:15 (73744 turns).

fictitious the Tortoise (Gargoyle Cinder Acolyte)  Turns: 73744, Time: 05:29:16

Health: -15/155    AC: 43    Str: 17    XL:     23   Next: 48%
Magic:  0/24       EV: 17    Int: 16    God:    Ignis [......]
Gold:   2934       SH: 17    Dex: 13    Spells: 22/24 levels left

rFire   + + .      SeeInvis +   a - +9 morningstar (vorpal)
rCold   + . .      Faith    .   F - +2 kite shield
rNeg    + . .      Spirit   +   l - +1 faerie dragon scales {rF+ Regen+ rCorr SInv Stlth-}
rPois   ∞          Reflect  .   v - +2 helmet
rElec   +          Harm     .   G - +2 cloak {Stlth+}
rCorr   +          Rampage  .   n - +2 pair of gloves
Will    +++++                   Q - +0 pair of boots of Powerful Satisfaction {+Inv Will+++ Str-5 Stlth-}
Stlth   ..........              p - amulet of guardian spirit
HPRegen 1.15/turn               N - ring of protection from cold
MPRegen 0.19/turn               U - ring of the Fool {rElec Will+ Dex+2 Slay+4}

@: flying, studying Maces & Flails
A: sickness immunity, AC +17, big wings, negative energy resistance 1,
electricity resistance, torment resistance 1, petrification resistance
}: 2/15 runes: decaying, gossamer
a: Renounce Religion, Evoke Invisibility, Rising Flame


You were on level 2 of the Depths.
You worshipped Ignis.
Ignis was noncommittal.
You visited 8 branches of the dungeon, and saw 40 of its levels.
You also visited: Ossuary, Bailey, Volcano and Wizlab.

You collected 6268 gold pieces.
You spent 3334 gold pieces at shops.

Inventory:

Hand Weapons
 a - a +9 vorpal morningstar (weapon)
Missiles
 g - 8 boomerangs of dispersal
 i - 16 javelins
 s - 32 boomerangs (quivered)
 D - 9 silver boomerangs
Armour
 l - the +1 faerie dragon scales (worn) {rF+ Regen+ rCorr SInv Stlth-}
   (You took it off the Enchantress on level 1 of the Depths)

   rF:        It protects you from fire.
   SInv:      It lets you see invisible.
   Regen:     It increases your rate of health regeneration.
   rCorr:     It protects you from acid and corrosion.
   Stlth:     It makes you less stealthy.
 n - a +2 pair of gloves (worn)
 r - the +8 chain mail of Jutty {Fly rF+ rN+}
   (You found it on level 3 of the Swamp)

   rF:        It protects you from fire.
   rN:        It protects you from negative energy.
   Fly:       It grants you flight.
 v - a +2 helmet (worn)
 F - a +2 kite shield (worn)
 G - a +2 cloak of stealth (worn)
 Q - the +0 pair of boots of Powerful Satisfaction (worn) {+Inv Will+++ Str-5 Stlth-}
   (You acquired it on level 2 of the Elven Halls)

   Str:       It affects your strength (-5).
   +Inv:      It lets you turn invisible.
   Will:      It greatly increases your willpower.
   Stlth:     It makes you less stealthy.
Jewellery
 j - a ring of protection from fire
 p - an amulet of guardian spirit (around neck)
 M - the ring of Xounike {rN+ Str+7 Slay+3}
   (You found it on level 2 of the Depths)

   [ring of positive energy]

   Str:       It affects your strength (+7).
   Slay:      It affects your accuracy & damage with ranged weapons and melee
   (+3).
   rN:        It protects you from negative energy.
 N - a ring of protection from cold (left hand)
 U - the ring of the Fool (right hand) {rElec Will+ Dex+2 Slay+4}
   (You found it on level 2 of the Depths)

   [ring of slaying]

   Dex:       It affects your dexterity (+2).
   Slay:      It affects your accuracy & damage with ranged weapons and melee
   (+4).
   rElec:     It insulates you from electricity.
   Will:      It increases your willpower.
 X - a ring of resist corrosion
 Y - a ring of see invisible
 Z - a +4 ring of evasion
Wands
 q - a wand of mindburst (6)
 A - a wand of acid (5)
 B - a wand of iceblast (13)
 H - a wand of paralysis (7)
 I - a wand of digging (5)
Scrolls
 c - 2 scrolls of brand weapon {!r}
 d - 6 scrolls of teleportation
 e - 7 scrolls of silence
 o - 2 scrolls of magic mapping
 t - 3 scrolls of blinking {!r}
 x - a scroll of enchant armour
 C - 11 scrolls of fog
 J - a scroll of fear
 K - a scroll of summoning
 W - a scroll of enchant weapon
Potions
 b - 2 potions of haste {!q}
 f - a potion of cancellation
 h - 13 potions of mutation {!q}
 m - 3 potions of heal wounds
 u - 12 potions of ambrosia
 y - a potion of berserk rage
 z - a potion of invisibility
 E - 2 potions of might
 O - 5 potions of resistance
 R - 12 potions of curing
Miscellaneous
 k - a phantom mirror
 w - a tin of tremorstones (2/2)
 L - a lightning rod (4/4)
 S - a box of beasts
 T - a condenser vane (inert)
 V - a phial of floods


   Skills:
 + Level 19.3 Fighting
 - Level 6.0 Short Blades
 - Level 19.1 Maces & Flails
 - Level 10.0 Throwing
 - Level 19.4 Armour
 * Level 14.6 Dodging
 - Level 19.0 Shields
 - Level 1.0 Spellcasting
 - Level 3.0 Fire Magic
 - Level 12.0 Evocations


You had 22 spell levels left.
You knew the following spells:

 Your Spells              Type           Power      Damage    Failure   Level
a - Scorch                Fire           20%        2d6       17%         2

Your spell library contained the following spells:

 Spells                   Type           Power      Damage    Failure   Level
 Beastly Appendage        Tmut           0%         N/A       36%         1
 Freeze                   Ice            0%         1d3       36%         1
 Magic Dart               Conj           0%         1d3       36%         1
 Sandblast                Erth           0%         2d4       36%         1
 Summon Small Mammal      Summ           0%         N/A       36%         1
 Call Imp                 Summ           0%         N/A       52%         2
 Ensorcelled Hibernation  Hex/Ice        0%         N/A       52%         2
 Passwall                 Tmut/Erth      0%         N/A       52%         2
 Searing Ray              Conj           0%         2d4       52%         2
 Static Discharge         Conj/Air       0%         N/A       52%         2
 Wereblood                Tmut           0%         N/A       52%         2
 Call Canine Familiar     Summ           0%         N/A       75%         3
 Confusing Touch          Hex            0%         N/A       75%         3
 Dazzling Flash           Conj/Hex       0%         N/A       75%         3
 Frozen Ramparts          Ice            0%         1d2       75%         3
 Mephitic Cloud           Conj/Pois/Air  0%         N/A       75%         3
 Ozocubu's Armour         Ice            0%         N/A       75%         3
 Portal Projectile        Hex/Tloc       0%         N/A       75%         3
 Spider Form              Tmut/Pois      0%         N/A       75%         3
 Stone Arrow              Conj/Erth      0%         3d7       75%         3
 Flame Wave               Conj/Fire      5%         2d5       91%         4
 Sticky Flame             Conj/Fire      5%         2d3       91%         4
 Anguish                  Hex/Necr       0%         N/A       98%         4
 Animate Armour           Summ/Erth      0%         N/A       98%         4
 Dispel Undead            Necr           0%         3d6       98%         4
 Fulminant Prism          Conj/Hex       0%         3d6       98%         4
 Hailstorm                Conj/Ice       0%         3d3       98%         4
 Ice Form                 Ice/Tmut       0%         N/A       98%         4
 Leda's Liquefaction      Hex/Erth       0%         N/A       98%         4
 Passage of Golubria      Tloc           0%         N/A       98%         4
 Summon Lightning Spire   Summ/Air       0%         N/A       98%         4
 Agony                    Necr           0%         N/A       100%        5
 Blade Hands              Tmut           0%         N/A       100%        5
 Iskenderun's Battlesphe  Conj           0%         2d6       100%        5
 Silence                  Hex/Air        0%         N/A       100%        5
 Summon Forest            Summ/Tloc      0%         N/A       100%        5
 Yara's Violent Unravell  Hex/Tmut       0%         3d3       100%        5
 Eringya's Noxious Bog    Tmut/Pois      0%         N/A       100%        6
 Iron Shot                Conj/Erth      0%         9d1       100%        6
 Summon Cactus Giant      Summ           0%         N/A       100%        6
 Enfeeble                 Hex            0%         N/A       100%        7
 Ozocubu's Refrigeration  Ice            0%         4d5       100%        7
 Spellforged Servitor     Conj/Summ      0%         N/A       100%        7
 Storm Form               Tmut/Air       0%         N/A       100%        7
 Summon Hydra             Summ           0%         N/A       100%        7
 Borgnjor's Revivificati  Necr           0%         N/A       100%        8
 Lehudib's Crystal Spear  Conj/Erth      0%         10d2      100%        8
 Maxwell's Capacitive Co  Air            0%         ∞         100%        8
 Necromutation            Tmut/Necr      0%         N/A       100%        8
 Death's Door             Necr           0%         N/A       100%        9
 Sublimation of Blood     Necr           Unusable   N/A       N/A         2
 Statue Form              Tmut/Erth      Unusable   N/A       N/A         6

Dungeon Overview and Level Annotations

Branches:
Dungeon (15/15)            Temple (0/1) D:5            Lair (6/6) D:10
  Swamp (4/4) Lair:4       Spider (4/4) Lair:3        Slime (0/5) Lair:6
    Orc (2/2) D:9             Elf (3/3) Orc:2        Vaults (4/5) D:14
  Crypt (0/3) Vaults:3     Depths (2/4) D:15        Ossuary (visited)
 Bailey (visited)         Volcano (visited)          WizLab (visited)

Altars:
Ashenzari
Cheibriados
Dithmenos
Elyvilon
Hepliaklqana
Makhleb
Okawaru
Qazlal
Sif Muna
Trog
Vehumet
Zin
The Shining One
Beogh

Shops:
D:1 ?   D:2 (   D:3 [   D:6 [?   D:15 :   Orc:2 :([(?   Elf:1 [   Vaults:2 [
Vaults:4 ?(   Depths:1 *   Depths:2 [[!

Portals:
Hell: Depths:1 Depths:2
Abyss: Depths:2
Pandemonium: Depths:2
Trove: Elf:1 (show slimy rune of Zot)

Annotations:
D:10 go up (danger)
D:11 3 runed translucent doors, klau3's ghost, journeyman MiBe
Depths:2 2 transporters


Innate Abilities, Weirdness & Mutations

You are immune to sickness and miasma.
Your stone body is resilient. (AC +17)
You are immune to poison.
Your large and strong wings let you fly.
You resist negative energy. (rN+)
You are resistant to electric shocks. (rElec)
You are resistant to unholy torment.
You are immune to petrification.


Message History

You block the polar bear's attack.
The spriggan berserker is poisoned.
The spriggan berserker hits you with a +0 war axe.
The polar bear is engulfed in poison gas.
The polar bear looks even sicker.
You block the polar bear's attack. The polar bear completely misses you.
The polar bear misses you.
You spit the spriggan berserker like a pig!!!
The spriggan berserker is heavily wounded.
The spriggan berserker is engulfed in poison gas.
The spriggan berserker looks even sicker.
The spriggan berserker barely misses you.
The polar bear is engulfed in poison gas.
The polar bear looks even sicker.
You block the polar bear's attack. x2
The polar bear misses you.
The walking crystal tome erupts in a flurry of living spells!
You impale the spriggan berserker!!
The spriggan berserker is almost dead.
The spriggan berserker is engulfed in poison gas.
The spriggan berserker looks even sicker.
The spriggan berserker hits you but does no damage.
The polar bear is engulfed in poison gas.
The polar bear looks as sick as possible!
You block the polar bear's attack. x2
The polar bear claws you but does no damage.
You impale the spriggan berserker!!
You kill the spriggan berserker!
The polar bear is no longer berserk.
The polar bear disappears in a puff of smoke!
The living spell casts itself at you. The crystal spear hits you.
You block the walking crystal tome's attack.
The living spell casts itself at you. The crystal spear hits you!!!
* * * LOW HITPOINT WARNING * * *
The living spell casts itself at you. The crystal spear hits you!!
You die...

.....#................#.....###
#.....#......#...##..#.....##
#........................###
#####.......#...##......###
##['...................'.##
##..#......#...##.......#.)##
#..=##'#.............#'##...#
#).=...##...........##.....[#
##=...######+###@######(..∩##
##?.## #...*;§§# ##.?## ####
#...*§**# #### ##.$§§§##
#######


You could see a walking crystal tome and 4 living crystal spells.

Vanquished Creatures
  Jory (Vaults:2)
  A Tzitzimitl (Depths:1)
  A bone dragon (Depths:1)
  A doom hound (Depths:1)
  2 hellephants (Depths:1)
  4 liches
  Mlioglotl (Spider:3)
  3 tentacled monstrosities
  2 deep elf master archers (Elf:3)
  A quicksilver dragon (WizLab)
  2 deep elf blademasters
  7 sphinxes
  2 ancient champions
  Kirke (Swamp:2)
  A tengu reaver (Depths:2)
  Agnes (Spider:1)
  2 fire giants
  4 deep elf sorcerers
  2 frost giants (Depths:2)
  5 orc warlords
  Aizul (Spider:3)
  Louise (Swamp:4)
  13 vault wardens
  6 ghost moths
  8 emperor scorpions
  3 deep elf elementalists
  9 ironbound preservers
  4 broodmothers
  5 stone giants
  5 ironbound thunderhulks
  A putrid mouth (Depths:1)
  12 very ugly things
  An eleionoma (Swamp:2)
  6 entropy weavers
  7 dire elephants
  6 deep elf annihilators
  9 deep elf demonologists
  6 spark wasps
  4 bunyips (Swamp:1)
  An eidolon (Vaults:3)
  2 crystal guardians (Vaults:1)
  5 deep elf death magi
  6 great orbs of eyes
  2 shambling mangroves
  4 ettins
  4 fire dragons
  Josephine (D:15)
  6 deep elf high priests
  5 ice dragons
  8 yaktaur captains
  2 radroaches
  14 boulder beetles
  10 vault guards
  2 peacekeepers
  Fannar (Lair:2)
  A ghost crab (Swamp:1)
  25 hydras
  4 rakshasas
  7 spriggan air magi
  3 catoblepae (Lair:6)
  4 centaur warriors
  An ogre mage (D:14)
  9 two-headed ogres
  14 ironbound frosthearts
  A death knight (D:9)
  31 dancing weapons
  3 alligators
  3 deep troll earth magi
  An orc high priest (Orc:2)
  7 tengu warriors
  A spriggan berserker (Depths:2)
  12 death yaks
  4 deep troll shamans
  29 deep elf knights
  7 skeletal warriors
  4 iron trolls
  2 salamander mystics
  A hell knight (Depths:2)
  A fire crab (shapeshifter) (Elf:1)
  5 pharaoh ants
  2 sun moths
  4 goliath frogs
  12 steelbarb worms
  8 swamp dragons
  17 deep trolls
  6 orb spiders
  4 spriggan druids
  2 flayed ghosts (Depths:2)
  4 glowing orange brains
  A phantasmal warrior (Vaults:3)
  11 deep elf archers
  12 lindwurms
  7 harpies
  4 bog bodies
  12 ironbound convokers
  14 orc knights
  6 wizards
  5 necromancers
  5 mana vipers (WizLab)
  A mana viper (shapeshifter) (Elf:1)
  18 deep elf pyromancers
  18 ugly things
  23 deep elf zephyrmancers
  2 oklob plants
  28 wolf spiders
  A faun (Volcano)
  2 will-o-the-wisps
  4 orc sorcerers
  3 moths of wrath
  6 cyclopes
  5 salamanders (Volcano)
  5 manticores
  3 black mambas
  A guardian serpent (shapeshifter) (Depths:2)
  21 elephants
  An ice statue (Lair:3)
  2 naga magi (WizLab)
  Joseph (D:7)
  18 vault sentinels
  A gargoyle (D:12)
  12 cane toads
  4 torpor snails
  Maggie (D:6)
  An efreet (D:9)
  2 freezing wraiths
  6 demonic crawlers
  6 rime drakes
  16 komodo dragons
  4 tengu conjurers
  2 kobold demonologists (D:10)
  30 yaktaurs
  A queen bee (D:9)
  6 trolls
  A meliai (shapeshifter) (D:13)
  9 meliai
  A troll (shapeshifter) (Elf:1)
  12 hornets
  30 tarantellas
  5 tyrant leeches
  5 polar bears
  A tengu simulacrum (Vaults:4)
  27 slime creatures
  17 blink frogs
  A hornet (shapeshifter) (Vaults:3)
  A meliai zombie (D:11)
  A flying skull (Vaults:3)
  28 culicivoras
  A human simulacrum (Vaults:4)
  4 air elementals
  A vampire (D:13)
  18 jumping spiders
  9 spriggans
  6 wraiths
  2 wyverns (Lair:3)
  A spriggan (shapeshifter) (D:13)
  3 fire elementals
  A shadow (D:9)
  A water elemental (Elf:1)
  5 basilisks
  6 hogs
  A steam dragon (D:7)
  30 yaks
  65 redbacks
  A basilisk (shapeshifter) (D:15)
  6 vampire mosquitoes
  A warg (Orc:1)
  19 swamp worms
  An acid dragon (D:10)
  12 water moccasins
  A floating eye (shapeshifter) (Vaults:2)
  2 floating eyes (Depths:2)
  7 swamp drakes
  8 black bears
  2 hell hounds (Lair:4)
  50 orc warriors
  2 sky beasts
  10 ice beasts
  An ettin simulacrum (Vaults:4)
  2 necrophages
  10 ogres
  11 boggarts
  11 centaurs
  18 wolves
  3 phantoms
  10 kobold brigands
  Blork the orc (D:6)
  3 gnoll sergeants
  11 bullfrogs
  8 scorpions
  2 earth elementals
  A water moccasin zombie (D:5)
  A wyvern skeleton (D:6)
  A troll zombie (D:9)
  39 killer bees
  7 howler monkeys
  6 electric eels
  A bullfrog zombie (D:5)
  3 centaur zombies
  2 iron imps
  14 orc priests
  3 hounds
  A centaur skeleton (D:7)
  Terence (D:2)
  3 iguanas
  24 orc wizards
  3 scorpion zombies
  7 ogre zombies (D:9)
  A hound zombie (D:5)
  3 mummies (Ossuary)
  A howler monkey zombie (D:9)
  19 gnolls
  6 adders
  A howler monkey skeleton (D:5)
  5 white imps
  3 ufetubi
  An adder skeleton (D:4)
  A dart slug (D:1)
  123 orcs
  3 bats (D:3)
  7 endoplasms
  4 giant cockroaches
  5 gnoll zombies
  7 hobgoblins
  4 jackals
  23 kobolds
  7 quokkas
  4 ball pythons
  5 frilled lizards
  8 goblins
  3 goblin skeletons (D:9)
  5 goblin zombies
  2 hobgoblin zombies
  4 kobold zombies (Ossuary)
  3 orc skeletons (D:9)
  18 orc zombies
  4 rats
1698 creatures vanquished.

Vanquished Creatures (collateral kills)
  the Enchantress (Depths:1)
  A deep elf blademaster (Depths:1)
  A deep elf master archer (Depths:1)
  A frost giant (Depths:1)
  3 spriggan defenders (Depths:1)
  A fire dragon (Depths:1)
  An ettin (Depths:1)
  A great orb of eyes (Depths:1)
  A spriggan air mage (Depths:1)
  2 spriggan berserkers (Depths:1)
  An orc knight (Bailey)
  A yaktaur (Vaults:4)
  Grinder (D:6)
  A spriggan (Depths:1)
  2 iron imps (D:6)
19 creatures vanquished.

Vanquished Creatures (others)
  2 deep elf knights
  A wizard (Vaults:3)
  3 deep elf pyromancers
  A deep elf zephyrmancer (Elf:1)
  2 bloated husks
  A boggart (Vaults:3)
  An orc wizard (D:10)
  2 bushes
  24 foxfires
  96 fungi
  183 plants
  5 toadstools (Depths:1)
321 creatures vanquished.

Grand Total: 2038 creatures vanquished

Notes
Turn   | Place    | Note
-------+----------+-------------------------------------------
     0 | D:1      | fictitious the Gargoyle Cinder Acolyte began the quest for
                  | the Orb.
     0 | D:1      | Reached XP level 1. HP: 14/14 MP: 2/2
   335 | D:1      | Reached XP level 2. HP: 16/19 MP: 3/3
   372 | D:1      | Learned a level 2 spell: Scorch
   472 | D:1      | Found Ublihe's Magic Scroll Emporium.
  1213 | D:1      | Bought a scroll of teleportation for 33 gold pieces
  1252 | D:1      | Reached XP level 3. HP: 7/23 MP: 4/4
  1657 | D:1      | Bought a scroll of identify for 22 gold pieces
  1775 | D:2      | Reached XP level 4. HP: 28/28 MP: 0/5
  2260 | D:2      | Reached skill level 5 in Maces & Flails
  2328 | D:2      | Found a faded altar of an unknown god.
  2435 | D:2      | Found Wasmytop's Antique Weapon Boutique.
  2507 | D:2      | Noticed Terence
  2515 | D:2      | Killed Terence
  2701 | D:2      | Reached XP level 5. HP: 32/32 MP: 6/6
  2896 | D:1      | Bought a scroll of identify for 22 gold pieces
  3071 | D:3      | Reached skill level 1 in Armour
  3303 | D:3      | Found Ucvali's Armour Shop.
  3750 | D:3      | Found a shimmering blue altar of Sif Muna.
  4181 | D:3      | Reached XP level 6. HP: 33/37 MP: 7/7
  4268 | D:3      | Identified the +10 dagger of Severance {flame, Fragile
                  | rElec rF+ SInv}
  4577 | D:3      | Bought a +0 kite shield for 45 gold pieces
  4715 | D:4      | Reached skill level 1 in Short Blades
  5127 | D:4      | Found a hazy altar of Hepliaklqana.
  5128 | D:4      | Found a stormy altar of Qazlal.
  5239 | D:4      | Found a radiant altar of Vehumet.
  5254 | D:4      | Found a snail-covered altar of Cheibriados.
  5565 | D:5      | Entered Level 5 of the Dungeon
  5619 | D:5      | Reached skill level 1 in Shields
  5640 | D:5      | Noticed a black bear
  5725 | D:5      | Reached XP level 7. HP: 13/41 MP: 8/8
  6050 | D:5      | Found a transporter.
  6120 | D:5      | Found a sand-covered staircase.
  6125 | Ossuary  | Entered an ossuary
  6309 | Ossuary  | Reached XP level 8. HP: 44/46 MP: 9/9
  6505 | Ossuary  | Reached skill level 5 in Short Blades
  6746 | D:5      | Found a staircase to the Ecumenical Temple.
  7157 | D:5      | Found a transporter.
  7199 | D:5      | Reached skill level 5 in Fighting
  7292 | D:5      | Reached skill level 5 in Shields
  7604 | D:1      | Bought a scroll of fog for 22 gold pieces
  7604 | D:1      | Bought a scroll of enchant weapon for 82 gold pieces
  7604 | D:1      | Bought a scroll of teleportation for 33 gold pieces
  7745 | D:6      | Reached XP level 9. HP: 54/54 MP: 10/10
  7749 | D:6      | Noticed Maggie
  7780 | D:6      | Killed Maggie
  7952 | D:6      | Found a burning altar of Makhleb.
  7954 | D:6      | Noticed Grinder
  7963 | D:6      | Paralysed by Grinder for 4 turns
  7971 | D:6      | Killed Grinder
  8212 | D:6      | Found Lialoliej's Magic Scroll Shoppe.
  8390 | D:6      | Found Itrexiuq's Armour Shoppe.
  8403 | D:6      | Bought a +0 cloak of stealth for 115 gold pieces
  8546 | D:6      | Found a bloodstained altar of Trog.
  8555 | D:6      | Bought a scroll of identify for 26 gold pieces
  8827 | D:6      | Noticed Blork the orc
  8831 | D:6      | Killed Blork the orc
  8832 | D:6      | Reached skill level 1 in Dodging
  9041 | D:6      | Found a glowing silver altar of Zin.
  9041 | D:6      | Found a white marble altar of Elyvilon.
  9041 | D:6      | Found a glowing golden altar of the Shining One.
  9161 | D:7      | Found a flagged portal.
  9193 | Bailey   | Entered a bailey
  9362 | Bailey   | Reached XP level 10. HP: 61/61 MP: 11/11
  9494 | Bailey   | Noticed an orc knight
  9495 | Bailey   | Noticed an orc knight
  9540 | Bailey   | Killed an orc knight
  9680 | Bailey   | Found a burning altar of Makhleb.
  9893 | D:7      | Noticed Joseph
  9910 | D:7      | Killed Joseph
  9911 | D:7      | Reached skill level 5 in Armour
 10755 | D:8      | Found an iron altar of Okawaru.
 10806 | D:8      | Found a broken altar of Ashenzari.
 11695 | D:9      | Noticed a two-headed ogre
 11704 | D:9      | Killed a two-headed ogre
 11816 | D:9      | Noticed a green ugly thing
 11816 | D:9      | Noticed a manticore
 11816 | D:9      | Noticed a two-headed ogre
 11816 | D:9      | Noticed a centaur warrior
 11816 | D:9      | Noticed a death knight
 11816 | D:9      | Noticed a centaur warrior
 11816 | D:9      | Noticed a skeletal warrior
 11816 | D:9      | Noticed a boulder beetle
 11818 | D:10     | Entered Level 10 of the Dungeon
 12007 | D:10     | Reached XP level 11. HP: 52/68 MP: 12/12
 12561 | D:10     | Found a shadowy altar of Dithmenos.
 12599 | D:10     | Found a staircase to the Lair.
 13246 | Lair:1   | Entered Level 1 of the Lair of Beasts
 13448 | Lair:1   | Noticed a six-headed hydra
 13455 | Lair:1   | Killed a six-headed hydra
 13465 | Lair:1   | Reached skill level 10 in Maces & Flails
 13929 | Lair:1   | Noticed a five-headed hydra
 13936 | Lair:1   | Killed a five-headed hydra
 14048 | Lair:1   | Noticed a five-headed hydra
 14058 | Lair:1   | Killed a five-headed hydra
 14415 | Lair:1   | Reached skill level 5 in Dodging
 14787 | Lair:1   | Reached XP level 12. HP: 52/76 MP: 13/13
 14900 | Lair:2   | Found an iron altar of Okawaru.
 15065 | Lair:2   | Identified the +0 pair of boots of Lies {*Slow +Blink +Inv
                  | Will+}
 15626 | Lair:2   | Noticed Fannar
 16172 | Lair:2   | Killed Fannar
 18159 | Lair:3   | Reached skill level 10 in Fighting
 18622 | Lair:3   | Reached XP level 13. HP: 80/82 MP: 14/14
 19694 | Lair:3   | Found a hole to the Spider Nest.
 20156 | Lair:4   | Found a staircase to the Swamp.
 20618 | Lair:4   | Found a dark tunnel.
 20800 | Volcano  | Entered a volcano
 20985 | Volcano  | Found a radiant altar of Vehumet.
 22288 | Lair:4   | Reached skill level 15 in Maces & Flails
 23060 | Lair:5   | Gained mutation: Your large and strong wings let you fly.
                  | [Gargoyle growth]
 23060 | Lair:5   | Reached XP level 14. HP: 88/88 MP: 15/15
 23236 | Lair:5   | You are sucked into a shaft and drop 1 floor!
 23236 | Lair:6   | Entered Level 6 of the Lair of Beasts
 23466 | Lair:6   | Reached skill level 1 in Evocations
 23645 | Lair:6   | Reached skill level 1 in Throwing
 24308 | Lair:6   | Found a staircase to the Slime Pits.
 24341 | Lair:6   | Identified the +1 leather armour "Meosuracs" {rC+++}
 24381 | Lair:6   | Reached skill level 10 in Shields
 24447 | Lair:6   | Reached skill level 5 in Evocations
 24447 | Lair:6   | Reached XP level 15. HP: 83/92 MP: 16/16
 24494 | Lair:5   | Identified a scroll of acquirement
 24494 | Lair:5   | Acquired a manual of Fighting
 26518 | D:9      | Found a staircase to the Orcish Mines.
 27150 | D:9      | You are sucked into a shaft and drop 1 floor!
 27714 | D:9      | Reached XP level 16. HP: 101/101 MP: 17/17
 28720 | D:11     | Found a runed translucent gate.
 28720 | D:11     | Found a runed translucent gate.
 28720 | D:11     | Found a runed translucent gate.
 28720 | D:11     | Noticed klau3's ghost (journeyman MiBe)
 30206 | Orc:1    | Entered Level 1 of the Orcish Mines
 30350 | Orc:2    | Entered Level 2 of the Orcish Mines
 30558 | Orc:2    | Found Afes's Weapon Shoppe.
 30659 | Orc:2    | Found Raczuosch's Magic Scroll Emporium.
 30665 | Orc:2    | Bought a scroll of enchant armour for 105 gold pieces
 31682 | Orc:2    | Found a staircase to the Elven Halls.
 32563 | Orc:2    | Found Xittoila's Antique Weapon Emporium.
 32566 | Orc:2    | Found Foec's Antique Armour Shoppe.
 32577 | Orc:2    | Bought a pair of runed gloves for 247 gold pieces
 32701 | Orc:2    | Found Dall's Book Boutique.
 32945 | Orc:2    | Bought a scroll of teleportation for 42 gold pieces
 32945 | Orc:2    | Bought a scroll of brand weapon for 280 gold pieces
 33050 | D:6      | Bought 2 scrolls of enchant weapon for 195 gold pieces
 33050 | D:6      | Bought a scroll of teleportation for 39 gold pieces
 33050 | D:6      | Bought a scroll of teleportation for 39 gold pieces
 33050 | D:6      | Bought a scroll of teleportation for 39 gold pieces
 33050 | D:6      | Bought a scroll of fog for 26 gold pieces
 33216 | Swamp:1  | Entered Level 1 of the Swamp
 33551 | Swamp:1  | Reached skill level 10 in Dodging
 34255 | Swamp:2  | Noticed Kirke
 35182 | Swamp:2  | Killed Kirke
 35386 | Swamp:3  | Reached XP level 17. HP: 103/112 MP: 18/18
 35450 | Swamp:3  | Reached skill level 15 in Fighting
 35464 | Swamp:3  | Identified the +8 chain mail of Jutty {Fly rF+ rN+}
 36025 | Spider:1 | Entered Level 1 of the Spider Nest
 36270 | Lair:3   | Found a hole to the Spider Nest.
 37069 | Spider:1 | You are sucked into a shaft and drop 1 floor!
 37266 | Spider:1 | Noticed Agnes
 37281 | Spider:1 | Killed Agnes
 37970 | Spider:1 | Reached skill level 15 in Shields
 39015 | Spider:2 | Reached skill level 10 in Armour
 40110 | Spider:3 | Noticed Aizul
 40154 | Spider:3 | Killed Aizul
 40216 | Spider:3 | Reached XP level 18. HP: 118/120 MP: 19/19
 40429 | Spider:3 | Noticed Mlioglotl
 40451 | Spider:3 | Killed Mlioglotl
 40984 | Spider:3 | Found a runed translucent door.
 41143 | Spider:3 | Identified the +0 chain mail of Ehisiw {rC++ rCorr Dex+2}
 41690 | Elf:1    | Entered Level 1 of the Elven Halls
 41734 | Elf:1    | Found Tucatolu's Armour Shop.
 41933 | Elf:1    | Found a portal to a secret trove of treasure.
 41972 | Elf:1    | Found a magical portal.
 42021 | WizLab   | Entered Yara's Duelist Academy
 42025 | WizLab   | Noticed a quicksilver dragon
 42053 | WizLab   | Killed a quicksilver dragon
 42879 | WizLab   | Noticed Teassiz
 44244 | Elf:1    | Paralysed by an air elemental for 1 turns
 44251 | Elf:1    | Paralysed by an air elemental for 1 turns
 45219 | Elf:2    | Paralysed by an air elemental for 1 turns
 45480 | Elf:2    | Paralysed by an air elemental for 1 turns
 45491 | Elf:2    | Paralysed by an air elemental for 1 turns
 45496 | Elf:2    | Paralysed by an air elemental for 1 turns
 45687 | Elf:2    | Acquired the +0 pair of boots of Powerful Satisfaction
                  | {+Inv Will+++ Str-5 Stlth-}
 45730 | Elf:2    | Reached XP level 19. HP: 127/127 MP: 20/20
 45823 | Elf:2    | Found a runed translucent gate.
 45824 | Elf:2    | Found a runed translucent gate.
 45824 | Elf:2    | Found a runed translucent gate.
 46949 | Elf:2    | Reached skill level 15 in Armour
 47757 | Swamp:4  | Entered Level 4 of the Swamp
 47838 | Swamp:4  | Noticed Louise
 47881 | Swamp:4  | Killed Louise
 49014 | Swamp:4  | Got a decaying rune of Zot
 50218 | D:14     | Identified the +5 mace "Ycepp" {speed, rF+ rCorr Int+2
                  | Stlth+}
 50750 | D:14     | Found a gate to the Vaults.
 51055 | D:15     | Entered Level 15 of the Dungeon
 51429 | D:15     | Found a staircase to the Depths.
 51527 | D:15     | Noticed Josephine
 51552 | D:15     | Killed Josephine
 51698 | D:15     | Found Xaheh's Book Emporium.
 51784 | D:15     | Got Miboexonn's Compendium of Supportive Poisoning
 52135 | Spider:4 | Entered Level 4 of the Spider Nest
 52660 | Spider:3 | Reached XP level 20. HP: 112/133 MP: 21/21
 53466 | Spider:4 | Reached skill level 5 in Throwing
 54373 | Spider:4 | Got a gossamer rune of Zot
 54904 | Elf:3    | Entered Level 3 of the Elven Halls
 56615 | Elf:3    | Identified the ring "Benytezo" {rF+ rCorr Str-5 Int+8
                  | Dex-3}
 57593 | Elf:3    | Identified the +7 spear "Lyemeunt" {vorpal, *Rage rN+
                  | Dex+5}
 57594 | Elf:3    | Identified the +0 rapier "Seimanif" {distort, Fly rF+ rN+}
 57710 | Elf:3    | Identified the +0 long sword of Darkness {flame, rPois
                  | Will- Dex+3}
 57819 | Elf:3    | Got Sif Muna's Incunabulum of Glacial Changing
 57834 | Elf:3    | Noticed a Tzitzimitl
 58134 | Elf:3    | Identified the +3 ring mail of the Salmon {Fly rC++}
 58590 | Vaults:1 | Entered Level 1 of the Vaults
 59175 | Vaults:1 | Reached XP level 21. HP: 130/141 MP: 22/22
 61364 | Vaults:2 | Reached skill level 10 in Throwing
 62003 | Vaults:2 | Found Uzoefol's Armour Emporium.
 63206 | Vaults:2 | Noticed a dread lich
 63507 | Vaults:2 | Noticed Jory
 63534 | Vaults:2 | Killed Jory
 64032 | Vaults:3 | Reached skill level 10 in Evocations
 65113 | Vaults:3 | Reached XP level 22. HP: 80/147 MP: 23/23
 65965 | Vaults:3 | Found a staircase to the Crypt.
 68017 | Vaults:4 | Found Lusaor's Antique Weapon Shoppe.
 68992 | Vaults:4 | Found Faucaod's Magic Scroll Boutique.
 68996 | Vaults:4 | Bought a scroll of blinking for 105 gold pieces
 68996 | Vaults:4 | Bought a scroll of silence for 105 gold pieces
 68996 | Vaults:4 | Bought a scroll of teleportation for 42 gold pieces
 68996 | Vaults:4 | Bought a scroll of fear for 49 gold pieces
 69280 | Vaults:4 | Upgraded the game from 0.28.0-49-g6dfe1f597d to
                  | 0.28.0-53-g5a82cb258f
 69520 | Depths:1 | Entered Level 1 of the Depths
 69619 | Depths:1 | Found a gateway to Hell.
 69864 | Depths:1 | Identified the +2 shadow dragon scales of Elyvilon's
                  | Inspiration {Harm rElec rPois Will++ Stlth++++}
 71069 | Depths:1 | Found Syti's Elemental Accessories.
 71099 | Depths:1 | Noticed the Enchantress
 71107 | Depths:1 | Killed the Enchantress
 71416 | Depths:1 | Bought a tin of tremorstones (2/2) for 880 gold pieces
 72084 | Depths:2 | Reached XP level 23. HP: 153/153 MP: 24/24
 72104 | Depths:2 | Found a one-way gate to the infinite horrors of the Abyss.
 72116 | Depths:2 | Identified the +6 war axe "Ojyklu" {freeze, rElec rF++
                  | Will- rCorr}
 72149 | Depths:2 | Paralysed by a floating eye for 3 turns
 72389 | Depths:2 | Found a transporter.
 72547 | Depths:2 | Identified the ring of the Fool {rElec Will+ Dex+2 Slay+4}
 73064 | Depths:2 | Found Offy's Distillery.
 73076 | Depths:2 | Found a transporter.
 73081 | Depths:2 | Bought a potion of berserk rage for 65 gold pieces
 73081 | Depths:2 | Bought a potion of haste for 130 gold pieces
 73081 | Depths:2 | Bought a potion of mutation for 104 gold pieces
 73081 | Depths:2 | Bought a potion of cancellation for 104 gold pieces
 73081 | Depths:2 | Bought a potion of curing for 39 gold pieces
 73081 | Depths:2 | Bought a potion of curing for 39 gold pieces
 73081 | Depths:2 | Bought 2 potions of resistance for 260 gold pieces
 73132 | Depths:2 | Identified the +5 spear of the Little People {freeze, rF+
                  | rC- Will+ rCorr}
 73228 | Depths:2 | Identified the ring of Xounike {rN+ Str+7 Slay+3}
 73245 | Depths:2 | Found Paxicon's Antique Armour Emporium.
 73296 | Depths:2 | Found Suggo's Armour Emporium.
 73364 | Depths:2 | Paralysed by a floating eye for 3 turns
 73482 | Depths:2 | Identified the ring "Fephem" {rPois Int+6}
 73690 | Depths:2 | Found a one-way gate leading to the halls of Pandemonium.
 73744 | Depths:2 | Killed from afar by a living spell

Illustrated notes

Levels and vault maps discovered:
D:1:      tarquinn_simple_flora_water_c, layout_basic, serial_shops,
          shop_scrolls, minmay_misc_feat_rugged, hangedman_decor_points,
          serial_park_tiny_1, minmay_shallow_snake_nest
D:2:      minmay_chambers_of_twos, layout_rooms,
          dilly_ecumenical_altar_fadedgnrine, serial_shops, nicolae_shop_stone,
          uniq_terence
D:3:      layout_loops_corners, nicolae_sif_muna_condensation, serial_shops,
          shop_fountains, wander_ebering_terrifying_dragon_lair
D:4:      layout_loops_cross, slow_altar_1, nicolae_overflow_squiral,
          mainiacjoe_overflow_alcove_4, glass_columns_a, hex_medium,
          kennysheep_generic_room_3
D:5:      gammafunk_cloud_chamber, layout_basic, minmay_temple_entry_junction,
          lightli_ossuary_entry_decrepit_ruins
D:6:      layout_basic, good_gods_mini_temple, trog_ov_bears_minmay,
          demons_altar, serial_shops, shop, nicolae_shop_waterfront,
          uniq_grinder, uniq_maggie, uniq_blork_the_orc
D:7:      layout_cave_pods, enter_bailey_5, nicolae_water_bricks, uniq_joseph
D:8:      layout_basic, old_standard_altar, mainiacjoe_overflow_brackets,
          serial_bayou, serial_bayou_lagoon_a, serial_bayou_pond_e,
          serial_bayou_pond_b, serial_bayou_pond_c
D:9:      cheibrodos_iron_armory, layout_basic, zombieorc2_lemuel, special_room
          [special_room_bee], minivault_28
D:10:     layout_roguey, grunt_dithmenos_smoke_and_mirrors,
          due_lair_maze_entry_diamond, serial_co_window_serial,
          co_window_paths_a, co_window_of_opportunity_a, co_window_paths_a,
          co_window_paths_b, co_window_paths_b, co_window_paths_a,
          co_window_of_opportunity_a, co_window_corner_b,
          co_window_of_opportunity_c, co_window_corner_b, glass_columns_a,
          glass_columns_a, glass_columns_b, glass_columns_b, glass_columns_c,
          minmay_misc_feat_tower
D:11:     layout_loops_ring, gammafunk_ghost_nasty_kobolds, special_room
          [special_room_orc]
D:12:     layout_roguey
D:13:     layout_loops_ring, serial_glass, glass_columns_a, glass_columns_c,
          glass_columns_c, glass_columns_b, glass_columns_a, glass_columns_b
D:14:     layout_roguey, hangedman_vaults_entry_quadrant_bands,
          serial_bayou_pond_c
D:15:     grunt_enter_depths_hoard, layout_cave_pools, grunt_decor_one_mirror,
          serial_shops, shop, uniq_josephine
Lair:1:   layout_roguey, serial_bayou_shore_a
Lair:2:   layout_regular_city, lemuel_oklob_altar, lemuel_fruit_fields,
          infiniplex_staircase_pool_2, uniq_fannar
Lair:3:   layout_regular_city, hellmonk_spider_entry_life_and_decay,
          wad_woods_river_03, ice2_lemuel
Lair:4:   layout_cave_pods, skrybe_swamp_entry_bodies, enter_volcano_3,
          lemuel_fruit_tree
Lair:5:   layout_cave_pods
Lair:6:   evilmike_catoblepas_cave, layout_regular_city, slime_dummy
Swamp:1:  layout_falls_marsh, evilmike_swamp_ruin_house_3,
          nicolae_swamp_frolicking_bunyips, infiniplex_staircase_pool
Swamp:2:  layout_basic_swamp, serial_swamp_ruin, hangedman_swamp_ruin_wall,
          evilmike_swamp_ruin_rubble_1, swamp_pool1, uniq_kirke
Swamp:3:  layout_falls_marsh, hangedman_swamp_blocks, swamp_pool1,
          nicolae_swamp_little_swirl
Swamp:4:  swamp_alternative, layout_basic_swamp, swamp_pool3, uniq_louise
Spider:1: layout_spider_delve, uniq_agnes
Spider:2: layout_cave_pods
Spider:3: cheibrodos_spider_deadly_dance, hangedman_stitches_earthworm,
          uniq_aizul, uniq_mlioglotl
Spider:4: grunt_spider_rune_circles, hangedman_spider_tarantella_strand
Orc:1:    layout_diamond_mine, basic_altar, serial_shops, shop, shop
Orc:2:    grunt_orc_community_town_hall, layout_caves,
          grunt_orc_community_big_house_2, grunt_orc_community_big_house_2,
          grunt_orc_community_house_3, grunt_orc_community_house_3,
          grunt_orc_community_house_2, grunt_orc_community_house_2, basic_altar,
          serial_shops, shop, minmay_orc_barracks
Elf:1:    layout_loops_cross, enter_trove_6, serial_shops,
          nicolae_lakefront_shop, mu_enter_wizlab_6, hangedman_elf_represent
Elf:2:    nicolae_elf_blades_crystal_corner, layout_rooms,
          minmay_misc_feat_ornament
Elf:3:    elf_hall, layout_gridlike, roderic_lattice_octagonal_star
Vaults:1: grunt_vaults_swirl, nicolae_vaults_gold_heap, v_misc_2,
          nicolae_vaults_network_square, hangedman_vaults_stagger,
          nicolae_vaults_little_squares_4, vaults_dpeg_encased_lava,
          nicolae_vaults_theta, v_pattern_1, layout_vaults_omnigrid
Vaults:2: ontoclasm_vaults_eye, v_misc_2, vaults_dpeg_diagonal,
          st_smaller_cells, v_pattern_2, vaults_room_large_hall, v_misc_17,
          nicolae_vaults_mini_display_case, nicolae_vaults_specimen_jars,
          v_misc_30, nicolae_vaults_border_crossing,
          ontoclasm_vaults_claustrophobia, nicolae_vaults_little_squares_3,
          vaults_dpeg_ring, layout_vaults_omnicross, serial_shops,
          nicolae_lakefront_shop, uniq_jory
Vaults:3: vaults_standard_mumra_x, st_octagons_1, hangedman_vaults_stitches,
          nicolae_vaults_twisting_passages, vaults_room_door_ring,
          minmay_crypt_entry_simple_walls, v_alt_pattern_4, vaults_dpeg_spiral,
          vaults_mumra_minichess, nicolae_vaults_network_s,
          hangedman_vaults_locks, grunt_vaults_hallway_short,
          layout_vaults_maze_snakey
Vaults:4: ontoclasm_vaults_ring_square, hangedman_vaults_snaps,
          nicolae_vaults_little_squares_5, nicolae_vaults_little_squares_3,
          nicolae_vaults_rhombus_6, vaults_room_fours, vaults_room_pools,
          grunt_vaults_focal, layout_vaults_chaotic_city, serial_shops,
          nicolae_shop_overgrown_old_shop, shop
Depths:1: layout_honeycomb, minmay_misc_feat_x, hangedman_coc_ice_floe,
          nicolae_elemental_shop, minmay_gold_behind_fungi,
          beargit_elvish_explorers, uniq_enchantress
Depths:2: hangedman_spin_cycle, hell_entry, abyss_entry, pan_entry

Skill      XL: |  1  2  3  4  5  6  7  8  9 10 11 12 13 14 15 16 17 18 19 20 21 22 23 |
---------------+----------------------------------------------------------------------+-----
Maces & Flails | 4 5 6 7 9 10 12 15 16 17 19 | 19.1
Armour         | 1 4 6 8 10 13 17 18 19 | 19.4
Short Blades   | 2 4 6 |  6.0
Shields        | 1 3 5 8 9 10 11 13 15 17 18 19 | 19.0
Fighting       | 5 6 7 9 10 12 14 16 18 19 | 19.3
Dodging        | 1 3 5 7 8 9 10 11 12 13 14 | 14.6
Evocations     | 5 6 7 8 10 12 | 12.0
Throwing       | 1 2 4 9 10 | 10.0
Spellcasting   | |  1.0
Fire Magic     | |  3.0

Action                   |  1- 3 |  4- 6 |  7- 9 | 10-12 | 13-15 | 16-18 | 19-21 | 22-24 || total
-------------------------+-------+-------+-------+-------+-------+-------+-------+-------++-------
Melee: Mace              |    31 |   156 |       |       |       |       |       |       ||   187
       Punch             |       |     2 |       |       |       |       |       |       ||     2
       Dagger            |       |    58 |   285 |   915 |   394 |       |       |       ||  1652
       Morningstar       |       |       |       |       |   672 |  2619 |  2523 |  1113 ||  6927
Throw: Stone             |       |     9 |     5 |     1 |       |       |       |       ||    15
       Dart              |       |       |     9 |    40 |    34 |    54 |     5 |       ||   142
       Javelin           |       |       |       |       |       |       |     4 |       ||     4
       Boomerang         |       |       |       |       |       |       |    58 |    33 ||    91
 Cast: Scorch            |     8 |    13 |     2 |       |       |       |       |       ||    23
Invok: Fiery Armour      |     1 |     2 |       |     3 |     1 |     4 |       |       ||    11
       Foxfire Swarm     |       |       |       |     1 |       |       |       |       ||     1
Evoke: Wand              |       |       |     4 |    11 |    28 |    36 |    13 |     2 ||    94
       Condenser vane    |       |       |       |       |       |       |     5 |     4 ||     9
       Phantom mirror    |       |       |       |       |       |       |     1 |     2 ||     3
       Phial of floods   |       |       |       |       |       |       |     1 |     1 ||     2
       Lightning rod     |       |       |       |       |       |       |       |     8 ||     8
       Box of beasts     |       |       |       |       |       |       |       |     2 ||     2
  Use: Scroll            |     3 |     4 |    12 |    13 |    17 |    15 |    14 |     9 ||    87
       Potion            |       |     1 |     1 |     7 |    10 |     6 |     4 |     2 ||    31
 Stab: Invisible         |       |       |     3 |       |       |       |       |       ||     3
       Distracted        |       |       |       |       |     1 |       |       |       ||     1
       Sleeping          |       |       |       |       |       |     2 |       |       ||     2
       Paralysed         |       |       |       |       |       |    15 |       |       ||    15
Armor: Robe              |     9 |    33 |       |       |       |       |       |       ||    42
       Scale mail        |       |    77 |   104 |   452 |   257 |   153 |       |       ||  1043
       Acid dragon scale |       |       |       |       |   116 |   258 |       |   132 ||   506
       Chain mail        |       |       |       |       |       |   794 |  1040 |   361 ||  2195
Dodge: Dodged            |    12 |    94 |    78 |   276 |   448 |  1114 |   849 |   380 ||  3251
Block: Buckler           |       |       |    35 |   163 |   236 |    30 |       |       ||   464
       Kite shield       |       |       |       |       |       |  1492 |  2151 |   931 ||  4574
       Reflection        |       |       |       |       |       |    36 |   124 |    34 ||   194
